 Dungeon Crawl Stone Soup version 0.29.1-14-g9c671dbff4 (webtiles) character file.

Game seed: 5017110298139224931

146 zlionsfan the Magician (level 5, -12/37 HPs)
             Began as a Gnoll Hedge Wizard on Feb 19, 2023.
             Killed by divine providence
             ... invoked by an orc priest
              (14 damage)
             ... on level 3 of the Dungeon.
             The game lasted 00:08:29 (3579 turns).

zlionsfan the Magician (Gnoll Hedge Wizard)         Turns: 3579, Time: 00:08:29

Health: -12/37     AC:  6    Str:  7 (9)  XL:     5   Next: 28%
Magic:  8/14       EV: 13    Int: 11 (13) God:
Gold:   130        SH:  0    Dex:  9 (12) Spells: 10/18 levels left

rFire   . . .      SeeInvis .   s - +0 short sword (drain)
rCold   . . .      Faith    .   (no shield)
rNeg    . . .      Spirit   .   b - +0 robe
rPois   .          Reflect  .   l - +0 helmet
rElec   .          Harm     .   d - +0 cloak
rCorr   .          Rampage  .   (no gloves)
Will    .....                   (no boots)
Stlth   ++........              (no amulet)
HPRegen 0.12/turn               (no ring)
MPRegen 0.14/turn               (no ring)

@: brilliant, attractive
A: fangs 1, strong nose, distributed training, iridescent scales 1, dopey 1
a: no special abilities


You were on level 3 of the Dungeon.
You visited 1 branch of the dungeon, and saw 3 of its levels.

You collected 130 gold pieces.

Inventory:

Hand Weapons
 a - a +0 dagger
 s - a +0 short sword of draining (weapon)
Missiles
 k - 5 javelins (quivered)
Armour
 b - a +0 robe (worn)
 c - a +0 hat
 d - a +0 cloak (worn)
 l - a +0 helmet (worn)
Wands
 m - a wand of flame (12)
Scrolls
 e - 2 scrolls of amnesia {unknown}
 f - 2 scrolls of magic mapping
 h - 3 scrolls of identify {unknown}
 j - a scroll of silence {unknown}
 n - a scroll of fear {unknown}
 q - a scroll of blinking {unknown}
 r - a scroll of enchant weapon {unknown}
Potions
 g - a potion of attraction


   Skills:
 + Level 1.5 Fighting
 + Level 1.5 Short Blades
 + Level 1.5 Long Blades
 + Level 1.5 Axes
 + Level 1.5 Maces & Flails
 + Level 1.5 Polearms
 + Level 1.5 Staves
 + Level 1.5 Ranged Weapons
 + Level 1.5 Throwing
 + Level 1.5 Armour
 + Level 4.8 Dodging
 + Level 4.4 Stealth
 + Level 1.5 Shields
 + Level 1.5 Unarmed Combat
 + Level 7.3 Spellcasting
 + Level 2.4 Conjurations
 + Level 1.2 Hexes
 + Level 2.4 Summonings
 + Level 1.2 Necromancy
 + Level 2.4 Translocations
 + Level 1.2 Transmutations
 + Level 1.2 Fire Magic
 + Level 1.2 Ice Magic
 + Level 1.2 Air Magic
 + Level 1.2 Earth Magic
 + Level 1.2 Poison Magic
 + Level 1.7 Invocations
 + Level 1.5 Evocations


You had 10 spell levels left.
You knew the following spells:

 Your Spells              Type           Power      Damage    Failure   Level
a - Magic Dart            Conj           56%        1d5       6%          1
b - Blink                 Tloc           28%        N/A       10%         2
c - Slow                  Hex            40%        N/A       11%         1
d - Call Imp              Summ           14%        N/A       10%         2
e - Ensorcelled Hibernat  Hex/Ice        20%        N/A       16%         2

Your spell library contained the following spells:

 Spells                   Type           Power      Damage    Failure   Level
 Conjure Flame            Conj/Fire      12%        6-21      24%         3
 Mephitic Cloud           Conj/Pois/Air  11%        N/A       26%         3
 Spider Form              Tmut/Pois      10%        N/A       30%         3
 Anguish                  Hex/Necr       5%         N/A       71%         4


Dungeon Overview and Level Annotations

Branches:
Dungeon (3/15)

Altars:
Dithmenos

Annotations:
D:3 2 runed translucent doors, barney's ghost, amateur DrTm


Innate Abilities, Weirdness & Mutations

You have very sharp teeth.
Your uncanny sense of smell can sniff out nearby items.
Your experience applies equally to all skills.
You are partially covered in iridescent scales. (AC +2)
You are dopey. (Int -2)


Message History

The orc priest invokes the aid of Beogh against you.
Beogh smites you!
The orc wizard gestures at you while chanting.
The magic dart hits you! The orc completely misses you.
You sense an unholy aura.
s - a +0 short sword of draining (weapon)
The orc hits you but does no damage.
The orc priest invokes the aid of Beogh against you.
Beogh smites you!
* * * LOW HITPOINT WARNING * * *
The orc priest looks satisfied for a moment.
The orc attacks as you move away! The orc closely misses you.
It was a potion of attraction.
You feel attractive to monsters. The orc misses you.
The orc priest is attracted toward you.
It was a potion of brilliance.
You feel clever all of a sudden. The orc priest is attracted toward you.
It was a potion of degeneration.
There was something very wrong with that liquid.
You feel weakened.
You feel dopey.
You feel clumsy. The orc priest barely misses you.
The orc hits you with a +0 dagger.
* * * LOW HITPOINT WARNING * * *
You are too injured to fight recklessly!
It was a potion of mutation.
You feel extremely strange.
You feel stupid.
Iridescent scales grow over part of your body.
The orc priest misses you. The orc misses you.
Casting: Ensorcelled Hibernation (safe; 16% risk of failure)
Confirm with . or Enter, or press ? or * to list all spells.
You feel a surge of power!
A shadowy apparition takes form in the air.
The orc priest miscasts a cantrip.
The orc misses you.
The orc wizard attacks as you move away!
The orc wizard hits you but does no damage.
Found a scroll labelled BYAS AKLIATE.
The orc priest mumbles some strange prayers to Beogh against you.
Beogh smites you!
You die...

.........#####. #........
...............# #.......#
...............# #!......#
##+###.........####o.......
# ..#.............o.......
####.#.......5....#........
.....#.........o#†###+###..
..............oo#.# .
.......####.....@.###
.......# #............#
.......###.......#......
.......+................
.......###.##...##.....?
.......###.##....#......
.................# .....
........................
....................


You could see an orc priest, an orc wizard, an orc (ally target) and a friendly
shadow imp (summoned).

Vanquished Creatures
  Jessica (D:2)
  5 adders
  2 dart slugs (D:1)
  2 orcs (D:3)
  2 bats (D:1)
  7 endoplasms
  A giant cockroach (D:2)
  2 goblins (D:1)
  5 hobgoblins
  4 jackals (D:1)
  6 quokkas
  5 ball pythons
  2 frilled lizards
  5 kobolds
  4 rats
53 creatures vanquished.

Vanquished Creatures (collateral kills)
  An adder (D:2)
  A worm (D:2)
  A giant cockroach (D:1)
3 creatures vanquished.

Grand Total: 56 creatures vanquished

Notes
Turn   | Place    | Note
-------+----------+-------------------------------------------
     0 | D:1      | zlionsfan the Gnoll Hedge Wizard began the quest for the
                  | Orb.
     0 | D:1      | Reached XP level 1. HP: 13/13 MP: 8/8
    76 | D:1      | Reached XP level 2. HP: 4/19 MP: 6/10
   369 | D:1      | Learned a level 1 spell: Slow
   372 | D:1      | Learned a level 2 spell: Blink
   375 | D:1      | Learned a level 2 spell: Call Imp
   925 | D:1      | Reached XP level 3. HP: 21/25 MP: 4/11
   940 | D:1      | Found a faded altar of an unknown god.
  1578 | D:2      | Reached skill level 1 in Invocations
  1726 | D:2      | Found a shadowy altar of Dithmenos.
  1996 | D:2      | Noticed Jessica
  2010 | D:2      | Killed Jessica
  2011 | D:2      | Reached skill level 1 in Fighting
  2011 | D:2      | Reached skill level 1 in Short Blades
  2011 | D:2      | Reached skill level 1 in Long Blades
  2011 | D:2      | Reached skill level 1 in Axes
  2011 | D:2      | Reached skill level 1 in Maces & Flails
  2011 | D:2      | Reached skill level 1 in Polearms
  2011 | D:2      | Reached skill level 1 in Staves
  2011 | D:2      | Reached skill level 1 in Ranged Weapons
  2011 | D:2      | Reached skill level 1 in Throwing
  2011 | D:2      | Reached skill level 1 in Armour
  2011 | D:2      | Reached skill level 1 in Shields
  2011 | D:2      | Reached skill level 1 in Unarmed Combat
  2011 | D:2      | Reached skill level 1 in Evocations
  2011 | D:2      | Reached XP level 4. HP: 26/32 MP: 0/13
  2203 | D:2      | Reached skill level 1 in Hexes
  2203 | D:2      | Reached skill level 1 in Necromancy
  2203 | D:2      | Reached skill level 1 in Transmutations
  2203 | D:2      | Reached skill level 1 in Fire Magic
  2203 | D:2      | Reached skill level 1 in Ice Magic
  2203 | D:2      | Reached skill level 1 in Air Magic
  2203 | D:2      | Reached skill level 1 in Earth Magic
  2203 | D:2      | Reached skill level 1 in Poison Magic
  3209 | D:3      | Found a large runed translucent door.
  3209 | D:3      | Found a large runed translucent door.
  3210 | D:3      | Noticed barney's ghost (amateur DrTm)
  3268 | D:3      | Reached XP level 5. HP: 37/37 MP: 8/14
  3341 | D:3      | Learned a level 2 spell: Ensorcelled Hibernation
  3577 | D:3      | Gained mutation: You are dopey. (Int -2) [potion of
                  | mutation]
  3577 | D:3      | Gained mutation: You are partially covered in iridescent
                  | scales. (AC +2) [potion of mutation]
  3579 | D:3      | Killed from afar by an orc priest

Illustrated notes

Levels and vault maps discovered:
D:1:      doesnt_arrival_eight_statues, layout_loops_corners,
          basic_ecumenical_altar
D:2:      layout_loops_corners, basic_altar, uniq_jessica
D:3:      layout_basic, ebering_ghost_disaster_area,
          minmay_misc_feat_four_crosses

Skill      XL: |  1  2  3  4 |
---------------+-------------+-----
Conjurations   | 2 |  2.4
Summonings     | 2 |  2.4
Translocations | 2 |  2.4
Invocations    | 1 |  1.7
Fighting       | 1 |  1.5
Short Blades   | 1 |  1.5
Long Blades    | 1 |  1.5
Axes           | 1 |  1.5
Maces & Flails | 1 |  1.5
Polearms       | 1 |  1.5
Staves         | 1 |  1.5
Ranged Weapons | 1 |  1.5
Throwing       | 1 |  1.5
Armour         | 1 |  1.5
Shields        | 1 |  1.5
Unarmed Combat | 1 |  1.5
Evocations     | 1 |  1.5
Hexes          | 1 |  1.2
Necromancy     | 1 |  1.2
Transmutations | 1 |  1.2
Fire Magic     | 1 |  1.2
Ice Magic      | 1 |  1.2
Air Magic      | 1 |  1.2
Earth Magic    | 1 |  1.2
Poison Magic   | 1 |  1.2
Dodging        | |  4.8
Stealth        | |  4.4
Spellcasting   | |  7.3

Action                   |  1- 3 |  4- 6 || total
-------------------------+-------+-------++-------
Melee: Dagger            |    35 |    11 ||    46
       Bite              |     5 |     1 ||     6
 Cast: Magic Dart        |    80 |    56 ||   136
       Call Imp          |     4 |     6 ||    10
       Blink             |     3 |     1 ||     4
       Slow              |     1 |     3 ||     4
       Ensorcelled Hiber |       |     1 ||     1
  Use: Potion            |     1 |     4 ||     5
       Scroll            |     1 |       ||     1
 Stab: Distracted        |     1 |       ||     1
       Sleeping          |       |     3 ||     3
Armor: Robe              |     7 |     8 ||    15
Dodge: Dodged            |    38 |    17 ||    55
